 Dungeon Crawl Stone Soup version 0.28-a0-1143-gcf6077d4cc (webtiles) character file.

Game seed: 1747881688446071285

450 senseless the Covered (level 6, 0/51 HPs)
             Began as a Demigod Fighter on Dec 13, 2021.
             Slain by a scorpion (2 damage)
             ... on level 4 of the Dungeon.
             The game lasted 00:09:56 (4222 turns).

senseless the Covered (Demigod Fighter)             Turns: 4222, Time: 00:09:56

Health: 0/51       AC:  9    Str: 25    XL:     6   Next: 45%
Magic:  8/8        EV:  6    Int: 10    God:
Gold:   63         SH: 11    Dex: 13    Spells: 5/5 levels left

rFire   . . .      SeeInvis .   a - +0 flail
rCold   . . .      Faith    .   l - +2 kite shield
rNeg    . . .      Spirit   .   k - +0 chain mail
rPois   .          Reflect  .   (no helmet)
rElec   .          Harm     .   (no cloak)
rCorr   .          Rampage  .   (no gloves)
Will    .....                   (no boots)
Stlth   ..........              (no amulet)
HPRegen 0.17/turn               (no ring)
MPRegen 0.11/turn               (no ring)

@: lethally poisoned (0 -> -3)
A: high mp 1, forlorn, divine attributes
a: no special abilities


You were on level 4 of the Dungeon.
You visited 1 branch of the dungeon, and saw 4 of its levels.
You also visited: Sewer.

You collected 112 gold pieces.
You spent 49 gold pieces at shops.

Inventory:

Hand Weapons
 a - a +0 flail (weapon)
 g - a +3 short sword
Missiles
 c - a curare-tipped dart
 f - 50 poisoned darts
Armour
 k - a +0 chain mail (worn)
 l - a +2 kite shield (worn)
Wands
 b - a wand of flame (21) (quivered)
Scrolls
 e - a scroll of fog
 m - a scroll of teleportation
 o - a scroll of identify
Potions
 d - a potion of might
 h - 2 potions of flight
 i - a potion of heal wounds
 j - 2 potions of curing
 n - a potion of attraction {unknown}


   Skills:
 + Level 3.5 Fighting
 + Level 4.0 Maces & Flails
 + Level 4.2 Armour
 + Level 1.2 Dodging
 + Level 0.1 Stealth
 + Level 3.9 Shields
 + Level 0.1 Evocations


You had 5 spell levels left.
You didn't know any spells.
Your spell library contained the following spells:

 Spells                   Type           Power      Damage    Failure   Level
 Foxfire                  Conj/Fire      0%         2x1d4     100%        1
 Sandblast                Erth           0%         2d4       100%        1
 Shock                    Conj/Air       0%         1d3       100%        1
 Airstrike                Air            0%         N/A       100%        4
 Summon Lightning Spire   Summ/Air       0%         N/A       100%        4
 Lightning Bolt           Conj/Air       0%         1d11      100%        5


Dungeon Overview and Level Annotations

Branches:
Dungeon (4/15)              Sewer (visited)
 Temple: D:4-7

Shops:
D:2 :[

Annotations:
D:4 2 runed translucent doors


Innate Abilities, Weirdness & Mutations

You have an increased reservoir of magic. (+10% MP)
You shall have no god before yourself.
Your divine heritage dramatically boosts your attributes as you level up.


Message History

The scorpion is severely wounded.
The scorpion stings you but does no damage.
The scorpion stings you!
You closely miss the scorpion.
The scorpion is severely wounded.
You block the scorpion's attack. x2
You barely miss the scorpion.
The scorpion is severely wounded.
The scorpion stings you but does no damage.
You closely miss the scorpion.
The scorpion is severely wounded.
You block the scorpion's attack.
An orc comes into view. It is wielding a +0 club.
The scorpion stings you.
You are poisoned.
The scorpion poisons you!
A goblin comes into view. It is wielding a +0 club.
The orc moves out of view.
You hit the scorpion but do no damage.
The scorpion is severely wounded.
You feel very sick. You block the scorpion's attack. x2
You barely miss the scorpion.
The scorpion is severely wounded.
You feel very sick. The scorpion barely misses you. The scorpion stings you!
You hit the scorpion but do no damage.
The scorpion is severely wounded.
You feel sick.
The scorpion stings you but does no damage.
You hit the scorpion but do no damage.
The scorpion is severely wounded.
You feel sick. The scorpion barely misses you. The scorpion stings you.
* * * LOW HITPOINT WARNING * * *
You hit the scorpion.
The scorpion is severely wounded.
You feel sick. The scorpion stings you.
* * * LOW HITPOINT WARNING * * *
The scorpion stings you.
You die...

###### ##....######
#..........##
#...######..#
#..##hKs@##.# #...
####..#.####.#.########
#...##.....#
#.##........#
.......###.#
##.'.##++##..
...........# ##### .8#
........#..## .8#
........##..# |#.
........##..# #.
#..........## .


You could see a scorpion, a jackal and a kobold.

Vanquished Creatures
  An ice beast (D:4)
  An ogre (D:4)
  A kobold brigand (Sewer)
  A hound zombie (D:4)
  4 adders
  4 gnolls (D:4)
  2 river rats (Sewer)
  2 worms (D:2)
  A dart slug (D:4)
  5 orcs (D:3)
  10 endoplasms
  3 giant cockroaches
  13 hobgoblins
  2 jackals (Sewer)
  9 quokkas
  4 ball pythons
  10 bats
  3 frilled lizards
  3 goblins
  7 kobolds
  9 rats
95 creatures vanquished.

Vanquished Creatures (others)
  3 plants (D:1)
3 creatures vanquished.

Grand Total: 98 creatures vanquished

Notes
Turn   | Place    | Note
-------+----------+-------------------------------------------
     0 | D:1      | senseless the Demigod Fighter began the quest for the Orb.
     0 | D:1      | Reached XP level 1. HP: 18/18 MP: 3/3
   311 | D:1      | Got Vuqutw Xonn's Beginning Course on the Arcane Arts
   315 | D:1      | Reached XP level 2. HP: 25/25 MP: 4/4
  1227 | D:2      | Reached XP level 3. HP: 18/31 MP: 5/5
  1719 | D:2      | Found Gunty's Armour Boutique.
  1848 | D:2      | Found Duturreem's Book Emporium.
  2126 | D:2      | Bought a +0 kite shield for 49 gold pieces
  2185 | D:2      | Reached XP level 4. HP: 11/38 MP: 6/6
  3307 | D:4      | Noticed an ogre
  3528 | D:4      | Found a glowing drain.
  3532 | Sewer    | Entered a sewer
  3674 | Sewer    | Noticed a kobold brigand
  3685 | Sewer    | Killed a kobold brigand
  3686 | Sewer    | Reached XP level 5. HP: 45/45 MP: 7/7
  3877 | D:4      | Killed an ogre
  3878 | D:4      | Reached skill level 1 in Dodging
  3878 | D:4      | Reached XP level 6. HP: 43/51 MP: 8/8
  4171 | D:4      | Found a large runed translucent door.
  4171 | D:4      | Found a large runed translucent door.
  4222 | D:4      | HP: 2/51 [scorpion (6)]
  4222 | D:4      | Slain by a scorpion

Illustrated notes

Levels and vault maps discovered:
D:1:      onia_arrival_mini_spirals, layout_rooms, serial_forest,
          infiniplex_forest_corner_1, infiniplex_forest_lined_3,
          infiniplex_forest_lined_3, infiniplex_forest_clump_long,
          infiniplex_forest_clump_double, infiniplex_forest_clump_double,
          infiniplex_forest_lined_4_way, infiniplex_forest_straight_1,
          minmay_pentomino_o4
D:2:      layout_rooms, serial_shops, shop_fountains, nicolae_lakefront_shop,
          basic_ecumenical_altar, basic_altar
D:3:      layout_loops_cross, solitary_fountain, minmay_misc_feat_rugged
D:4:      layout_cave_pools, grunt_temple_overflow_open, gup_sewer_entry_spiral,
          minmay_hollow_rounded_squares

Skill      XL: |  1  2  3  4  5  6 |
---------------+-------------------+-----
Armour         | 3 4 |  4.2
Maces & Flails | 2 3 4 |  4.0
Fighting       | 3 |  3.5
Shields        | 3 |  3.9
Dodging        | 1 |  1.2
Stealth        | |  0.1
Evocations     | |  0.1

Action                   |  1- 3 |  4- 6 || total
-------------------------+-------+-------++-------
Melee: Flail             |   170 |   184 ||   354
Evoke: Wand              |       |     3 ||     3
  Use: Scroll            |     4 |     3 ||     7
       Potion            |       |     1 ||     1
Armor: Scale mail        |    80 |       ||    80
       Chain mail        |    11 |    88 ||    99
Dodge: Dodged            |    71 |    40 ||   111
Block: Buckler           |    42 |       ||    42
       Kite shield       |    12 |   114 ||   126

Table legend: (Time is in decaauts)
 A = Elapsed time spent in this place.
 B = Non-inter-level travel time spent in this place.
 C = Inter-level travel time spent in this place.
 D = Time resting spent in this place.
 E = Time spent auto-exploring this place.
 F = Levels seen in this place.
 G = Mean time per level.
                   A        B        C        D        E       F      G
               +--------+--------+--------+--------+--------+-----+--------+
         Total |   4434 |   4323 |    111 |    385 |   3056 |   5 |  886.8 |
       Dungeon |   4124 |   4013 |    111 |    385 |   2829 |   4 | 1031.0 |
         Sewer |    309 |    309 |      0 |      0 |    227 |   1 |  309.0 |
               +--------+--------+--------+--------+--------+-----+--------+

Top non-repeatable levels by time:
     D:2: 1259 daAuts
     D:1: 1196 daAuts
     D:3: 935 daAuts
     D:4: 732 daAuts
   Sewer: 309 daAuts
